[Event "GCT 11th Sinquefield Cup 2024"]
[Site "Saint Louis"]
[Date "2024.08.21"]
[Round "3.4"]
[White "Nepomniachtchi, Ian"]
[Black "Giri, Anish"]
[Result "1-0"]
[ECO "E28"]
[WhiteElo "2767"]
[BlackElo "2746"]
[Annotator "TA"]
[PlyCount "73"]
[EventDate "2024.08.09"]
[EventType "tourn"]
[EventCountry "USA"]
[SourceTitle "playchess.com"]
[Source "ChessBase"]
[SourceQuality "1"]
[TimeControl "7200+30"]

1. d4 Nf6 2. c4 e6 3. Nc3 Bb4 4. e3 O-O 5. a3 Bxc3+ 6. bxc3 d6 7. f3 Nc6 8. e4 Qe8 9. h4 (9. Ne2 $11) 9... b6 $17 10. h5 Ba6 11. Ra2 Na5 12. g4 Qc6 (12... Nxc4 $6 13. g5 Nd7 14. Nh3 $11) 13. Rg2 Bxc4 14. Bxc4 Qxc4 15. Ne2 Nd7 16. g5 e5 17. g6 fxg6 ({Black should try} 17... h6 $1 $17 {...f5 would now be deadly.} 18. Bxh6 gxh6) 18. hxg6 $11 Rxf3 {[%emt 0:07:05] Strongly threatening ...Raf8.} 19. gxh7+ Kh8 {[%emt 0:00:03] White must now prevent ...Raf8.} 20. Rhg1 Rf7 (20... Kxh7 $2 21. Rxg7+ Kh8 22. Rxd7 $18) 21. Bh6 $1 {[%emt 0:00:30] Some like it hot} gxh6 22. Rg8+ Kxh7 23. Rxa8 Nf6 $2 (23... Qc6 $11 24. Rxa7 Nf6) 24. dxe5 $1 $18 Nxe4 (24... Qxe4 $2 {is the wrong capture.} 25. exf6 (25. Rxa7 $2 dxe5 26. Rxa5 bxa5 $19) 25... Qxa8 26. Qa4 $18) (24... Nd7 25. Qd2 (25. exd6 Ne5 $11) 25... Qxe4 (25... Nxe5 26. Rh8+ Kxh8 27. Qxh6+ Rh7 28. Qf8+)) 25. Qc1 $1 {[%emt 0:02:44][%cal Oa8h8] White wants to mate with Rh8+!} Ng5 {[%emt 0:13:15] [#]} 26. Rxg5 Qh4+ 27. Rg3 {[%emt 0:00:06][%cal Bg5g3,Bg3g1,Bg1h1][%mdl 32] Qb1+ would kill now.} Qh1+ 28. Rg1 {[%emt 0:00:04] Threatening mate with Qb1+.} Qxa8 29. Qc2+ Kh8 30. Qg6 $1 Qf8 {[%emt 0:00:07] [#]} 31. e6 $1 ({Weaker is} 31. Rh1 Rh7 $11) 31... Re7 32. Rh1 Rh7 33. Rf1 {[%emt 0:00:12][%cal Rf1f8] White mates.} Qd8 34. Rf7 Rxf7 35. exf7 Qf8 36. Qf6+ Kh7 37. Nf4 {[%emt 0:00:06] Weighted Error Value: White=0.08 (flawless) /Black=0.41.  Loses game:     	---       	Black=1      Mistake:       	White=1     	Black=2      Inaccurate:     	White=2     	---        OK:         	White=5     	Black=10     Best:        	White=1     	Black=2      Strong:       	White=3     	---} 1-0

[Event "GCT 11th Sinquefield Cup 2024"]
[Site "Saint Louis"]
[Date "2024.08.21"]
[Round "3.5"]
[White "Caruana, Fabiano"]
[Black "Abdusattorov, Nodirbek"]
[Result "1-0"]
[ECO "C55"]
[WhiteElo "2793"]
[BlackElo "2762"]
[Annotator "TA"]
[PlyCount "95"]
[EventDate "2024.08.09"]
[EventType "tourn"]
[EventCountry "USA"]
[SourceTitle "playchess.com"]
[Source "ChessBase"]
[SourceQuality "1"]
[TimeControl "7200+30"]

1. e4 e5 2. Nf3 Nc6 3. Bc4 Nf6 4. d3 Be7 5. O-O O-O 6. Re1 d6 7. a4 Be6 8. Nbd2 Bxc4 9. Nxc4 a5 10. Bg5 Nd7 {[%emt 0:02:18] White has an edge.} 11. Bxe7 Qxe7 12. d4 exd4 13. Nxd4 Nxd4 14. Qxd4 Rfe8 15. Qd2 Qh4 16. f3 Re6 17. Ne3 Qg5 18. Rad1 Qc5 19. Kh1 Rae8 20. b3 Nf6 21. Nf5 g6 22. Ne3 b6 23. c4 Qg5 {[%emt 0:03:08][%cal Of6e4] ...Nxe4! is the strong threat.} 24. Qf2 Nd7 25. Nd5 Qd8 26. g4 Re5 27. Re3 Nc5 28. Qg3 h5 29. h3 Kg7 30. Nf4 Rh8 (30... hxg4 $17 31. hxg4 Rh8+ 32. Kg2 Ree8) 31. Kg2 (31. gxh5 $11 {keeps the balance.} Rg5 32. Qh2) 31... hxg4 $17 32. hxg4 Ree8 33. Ree1 Qf6 34. Rh1 c6 {[%emt 0:01:18] Prevents Nd5} (34... Rxh1 $17 35. Rxh1 Qb2+ (35... Nxb3 36. Nd5 $17) 36. Qf2 Qxf2+ (36... Qxb3 37. Nd5 $11) 37. Kxf2 Nxb3) 35. Nh3 Rd8 (35... Nxb3 36. Rxd6 Qb2+ 37. Qf2 $15) 36. g5 $1 Qb2+ 37. Nf2 Rxh1 (37... Qxb3 38. Rxd6 Qb2 39. Rb1 $11) (37... Nxb3 38. Rxh8 Rxh8 39. Rxd6 $11 (39. Qxd6 Nc5 $11)) 38. Rxh1 {[%emt 0:00:02] [#]} d5 (38... Qxb3 $2 39. Qh4 Qb2 (39... Qxc4 40. Qh6+ Kg8 41. Qh8#) 40. e5 Qxe5 (40... dxe5 41. Qh6+ Kg8 42. Qh8#) 41. Qh6+ Kg8 42. Ng4 $18) (38... Nxb3 $6 39. Qh3 Kf8 40. f4 $11) (38... Kf8 $1 $17) 39. cxd5 cxd5 (39... Nxb3 $2 40. Qh2 (40. dxc6 Rd2 $18) (40. Qc7 Rh8 $18) 40... Re8 41. d6 $18 (41. dxc6 Nc5 $18)) 40. Rd1 Nxb3 (40... Re8 $11 41. Rxd5 Qxb3) 41. exd5 {[%emt 0:00:04] Strongly threatening Qc7.} (41. Rxd5 Rxd5 42. exd5 Nc5 $11) (41. Qc7 {feels hotter.} Rh8 42. exd5 Nc5 43. Qf4) 41... Nc5 42. Qf4 Kg8 $2 {[%emt 0:00:39][%mdl 8192] [#] This move loses the game for Black.} (42... Re8 $11 {and Black stays safe.}) 43. Kg3 $1 $18 {[%emt 0:00:35] Ng4 would now be deadly.} Nb7 (43... Kg7 $142 44. Ng4 Qc3) 44. Qc7 {[%emt 0:00:49][%cal Of2g4] Black must now prevent Ng4!} Kg7 45. Ng4 Rh8 46. Qxb7 Qe2 {[%emt 0:00:09] Wards off Qe7} 47. Rg1 (47. Rb1 $142 b5 48. Qxb5 (48. Rxb5 Qe1+ 49. Kf4 Qc1+ 50. Ke5 Re8+ 51. Kd6 Rd8+ 52. Ke5 Re8+ 53. Kd6 Rd8+ 54. Ke5 Qc3+ 55. Kf4 Qd4+ 56. Kg3 Qg1+ 57. Kf4 Qd4+ 58. Kg3 Qg1+ 59. Kf4 Qd4+ $11) 48... Qxb5 49. Rxb5 Rh5 50. d6 (50. Rxa5 Rxg5 51. Rb5 Rh5 $18) 50... Rh1 51. Nf6 (51. Rxa5 Rg1+ 52. Kf4 Rb1 53. Ra8 Rb4+ 54. Kg3 f5 55. gxf6+ Kf7) 51... Rh8 52. d7 (52. Rxa5 Rf8 53. d7 Rd8 54. Re5 Kf8 55. Re8+ Kg7 56. Kf4 Rxe8 57. Nxe8+ Kf8)) 47... Qd2 48. Qe7 {[%emt 0:00:11] Weighted Error Value: White=0.13 (very precise) /Black=0.44.  Loses game:     	---       	Black=1      Mistake:       	White=1     	Black=5      Inaccurate:     	White=3     	Black=2      OK:         	White=9     	Black=13     Best:        	White=1     	Black=1      Strong:       	White=2     	---} 1-0

[Event "GCT 11th Sinquefield Cup 2024"]
[Site "Saint Louis"]
[Date "2024.08.22"]
[Round "4.1"]
[White "So, Wesley"]
[Black "Nepomniachtchi, Ian"]
[Result "1-0"]
[ECO "A13"]
[WhiteElo "2751"]
[BlackElo "2767"]
[Annotator "TA"]
[PlyCount "99"]
[EventDate "2024.08.09"]
[EventType "tourn"]
[EventCountry "USA"]
[SourceTitle "playchess.com"]
[Source "ChessBase"]
[SourceQuality "1"]
[TimeControl "7200+30"]

1. Nf3 d5 2. e3 Nf6 3. c4 e6 4. b3 Be7 5. Bb2 O-O 6. Nc3 c5 {[%emt 0:01:13] 6...c5 scores better than 6...b6.} 7. cxd5 exd5 8. d4 {[%emt 0:01:15] A13: English Opening: 1...e6.} Ne4 9. dxc5 Bf6 10. Nd4 Qa5 (10... Nxc5 $11 {remains equal.} 11. Be2 Ne6) 11. Rc1 ({White should play} 11. Bd3 $16) 11... Nc6 12. Be2 Nxc5 13. Nxc6 bxc6 14. O-O Ne4 15. Qc2 Nxc3 16. Bxc3 Bxc3 17. Qxc3 Qxa2 18. Rc2 Qa3 19. Ra1 Qe7 20. Qxc6 Be6 21. Qc5 Qxc5 22. Rxc5 Rfc8 $146 ({Predecessor:} 22... Rab8 23. Rb5 Rxb5 24. Bxb5 Rb8 25. Rxa7 Kf8 26. Ba4 d4 27. exd4 Bxb3 28. h3 Bxa4 29. Rxa4 {½-½ Keymer,V (2726)-Duda,J (2734) Chess.com Classic Div 1 W rapid 2024 (2.1)}) 23. Rca5 (23. Rxc8+ $14 Rxc8 24. Kf1 (24. Rxa7 Rc1+ 25. Bf1 g5 $11)) 23... Rab8 $11 24. Bd1 d4 25. exd4 Bxb3 26. Rxa7 Bxd1 27. Rxd1 Rc2 28. g3 g6 {[%emt 0:00:26] [#]} 29. Rd3 $1 Rcb2 30. Kg2 R8b3 31. Rf3 Rxf3 32. Kxf3 Kg7 33. g4 h6 34. Re7 Rd2 (34... Rb4 $14 {might be stronger.}) 35. Ke3 $16 Rd1 36. Re4 Kf6 (36... f5 $14 37. gxf5 gxf5 38. Re7+ Kf6) 37. h4 $16 Ra1 38. Kd3 Ra2 $2 (38... h5 $16) 39. f3 $18 Ra3+ {[%emt 0:03:00] [#]} 40. Kc4 $1 Rxf3 41. d5 Ra3 42. Re8 Ra1 43. d6 Rd1 44. Kc5 h5 45. g5+ Kf5 46. Re2 Kf4 47. Kc6 Kf3 48. Rc2 Rd4 49. d7 Kg3 50. Rc5 1-0

[Event "GCT 11th Sinquefield Cup 2024"]
[Site "Saint Louis"]
[Date "2024.08.22"]
[Round "4.2"]
[White "Ding, Liren"]
[Black "Caruana, Fabiano"]
[Result "1/2-1/2"]
[ECO "D38"]
[WhiteElo "2745"]
[BlackElo "2793"]
[Annotator "TA"]
[PlyCount "101"]
[EventDate "2024.08.09"]
[EventType "tourn"]
[EventCountry "USA"]
[SourceTitle "playchess.com"]
[Source "ChessBase"]
[SourceQuality "1"]
[TimeControl "7200+30"]

1. d4 Nf6 2. c4 e6 3. Nf3 d5 4. Nc3 Bb4 5. Qa4+ Nc6 6. e3 O-O 7. Qc2 b6 8. Bd2 Bb7 9. a3 {[%emt 0:01:44] The position is equal.} Bd6 10. cxd5 exd5 11. Nb5 Be7 12. Bd3 a6 13. Nc3 Bd6 14. O-O Re8 15. b4 Nb8 16. Rfb1 Ne4 17. b5 a5 18. a4 Nd7 19. Bc1 Qe7 20. Qb3 Ndf6 21. Ra2 Rac8 22. Ba3 Ng4 {[%emt 0:03:03] [#] aiming for ...Nexf2.} 23. Bxd6 $1 (23. Nxd5 $2 {loses.} Bxd5 24. Qxd5 Nexf2 $19 (24... Bxa3 $2 25. Qxe4 Qxe4 26. Bxe4 $18)) 23... cxd6 24. Nd1 (24. Nxd5 $2 {is the wrong capture.} Bxd5 25. Qxd5 Ngxf2 26. Bxe4 Nxe4 $19) 24... g6 25. Qa3 Ngf6 26. Rc1 Rxc1 27. Qxc1 Rc8 28. Rc2 Rxc2 29. Qxc2 Kg7 30. Nd2 Nxd2 31. Qxd2 h5 32. f3 h4 33. Nc3 Nh7 34. Kf2 {[%emt 0:03:56] White is more active.} f5 35. Ne2 Nf6 36. Qc1 Nh5 37. Nf4 Nxf4 38. exf4 $14 {[%emt 0:00:04][%mdl 4096] Endgame. KQB-KQB} Qd8 39. Bb1 Qc8 40. Qxc8 Bxc8 {[%emt 0:00:14] KB-KB} 41. g3 hxg3+ 42. hxg3 Be6 43. Kg2 Kf6 44. Kh3 Bf7 45. Kh4 Be6 46. Bd3 Bf7 47. g4 Be8 48. Bc2 Bf7 49. Bd3 Be8 50. Bc2 Bf7 51. Bd3 {[%emt 0:00:38] Weighted Error Value: White=0.07 (flawless) /Black=0.05 (flawless) .  Mistake:       	White=1     	---        Inaccurate:     	White=1     	Black=2      OK:         	White=16    	Black=14     Best:        	---       	Black=2      Strong:       	White=1     	---} (51. Kg3 $14) 1/2-1/2

[Event "GCT 11th Sinquefield Cup 2024"]
[Site "Saint Louis"]
[Date "2024.08.22"]
[Round "4.3"]
[White "Giri, Anish"]
[Black "Praggnanandhaa R"]
[Result "1/2-1/2"]
[ECO "A29"]
[WhiteElo "2746"]
[BlackElo "2749"]
[Annotator "TA"]
[PlyCount "66"]
[EventDate "2024.08.09"]
[EventType "tourn"]
[EventCountry "USA"]
[SourceTitle "playchess.com"]
[Source "ChessBase"]
[SourceQuality "1"]
[TimeControl "7200+30"]

1. c4 Nf6 2. Nc3 e5 3. Nf3 Nc6 4. d3 d5 5. cxd5 Nxd5 6. g3 Bc5 7. Bg2 O-O 8. O-O h6 9. Nxd5 Qxd5 10. a3 a5 11. Bd2 Qe6 12. Rc1 Qe7 13. Qa4 Ra6 14. Qh4 Re8 {[%emt 0:18:41] [#]} 15. b4 $1 axb4 16. axb4 Qxh4 ({But not} 16... Bxb4 17. Rxc6 Qxh4 18. Nxh4 $16 (18. gxh4 Rxc6 19. Bxb4 Bd7 $14)) 17. Nxh4 Ra2 $1 {[%emt 0:01:00] The position is equal.} 18. Rxc5 Rxd2 19. Re1 Nd4 20. Nf3 Rxe2 21. Rxe2 Nxe2+ 22. Kf1 Nd4 23. Nxd4 exd4 24. Rxc7 $11 {[%emt 0:00:06][%cal Oc7c4][%mdl 4096] Endgame. KRB-KRB} Bf5 25. Be4 ({Much weaker is} 25. Bxb7 Bxd3+ 26. Kg2 Rd8 $15) 25... Bxe4 26. dxe4 Rxe4 27. Rxb7 {[%emt 0:00:02] KR-KR} d3 {[%emt 0:00:09] [#] And now ...d2 would win.} 28. Rd7 Rxb4 29. Rxd3 Ra4 30. Rc3 Rb4 31. Rd3 Ra4 32. Rc3 Rb4 33. Rd3 Ra4 {[%emt 0:00:16] An interesting draw.   Weighted Error Value: White=0.04 (flawless) /Black=0.07 (flawless) .  Inaccurate:     	White=1     	Black=1      OK:         	White=7     	Black=11     Best:        	White=1     	Black=1      Strong:       	---       	Black=1} 1/2-1/2

[Event "GCT 11th Sinquefield Cup 2024"]
[Site "Saint Louis"]
[Date "2024.08.22"]
[Round "4.4"]
[White "Vachier-Lagrave, Maxime"]
[Black "Abdusattorov, Nodirbek"]
[Result "1/2-1/2"]
[ECO "C70"]
[WhiteElo "2721"]
[BlackElo "2762"]
[Annotator "TA"]
[PlyCount "56"]
[EventDate "2024.08.09"]
[EventType "tourn"]
[EventCountry "USA"]
[SourceTitle "playchess.com"]
[Source "ChessBase"]
[SourceQuality "1"]
[TimeControl "7200+30"]

1. e4 e5 2. Nf3 Nc6 3. Bb5 Bc5 4. O-O d6 5. c3 a6 6. Ba4 Bd7 7. d4 Ba7 8. Bxc6 Bxc6 {[%emt 0:00:08] The position is equal.} 9. dxe5 dxe5 10. Nxe5 Qxd1 11. Rxd1 {[%emt 0:00:07] And now Nxc6 would win.} Bxe4 12. Re1 f5 13. Nd2 Nf6 14. Nxe4 Nxe4 15. Be3 Bxe3 16. Rxe3 {[%emt 0:00:08] [#] f3 would now be deadly.} O-O 17. Rd1 Nc5 18. Nd7 Rad8 19. Re7 Rxd7 (19... Rf7 20. Nf6+ Kf8 21. Rxf7+ (21. Rxd8+ Kxe7 22. Rd5 Na4 $15) 21... Kxf7 22. Rxd8 $18) 20. Rdxd7 Nxd7 21. Rxd7 $11 {[%emt 0:00:10][%mdl 4096] Endgame. KR-KR} Rf7 $1 22. Rd8+ Rf8 23. Rd5 c6 24. Rd7 Rf7 $1 25. Rd8+ Rf8 26. Rd7 Rf7 $1 27. Rd8+ Rf8 28. Rd7 Rf7 $1 {[%emt 0:00:04] Weighted Error Value: White=0.05 (flawless) /Black=0.01 (flawless) .  Inaccurate:     	White=1     	---        OK:         	White=11    	Black=9      Best:        	---       	Black=2      Strong:       	---       	Black=4} 1/2-1/2

[Event "GCT 11th Sinquefield Cup 2024"]
[Site "Saint Louis"]
[Date "2024.08.22"]
[Round "4.5"]
[White "Gukesh D"]
[Black "Firouzja, Alireza"]
[Result "1/2-1/2"]
[ECO "C67"]
[WhiteElo "2766"]
[BlackElo "2751"]
[Annotator "TA"]
[PlyCount "146"]
[EventDate "2024.08.09"]
[EventType "tourn"]
[EventCountry "USA"]
[SourceTitle "playchess.com"]
[Source "ChessBase"]
[SourceQuality "1"]
[TimeControl "7200+30"]

1. e4 e5 2. Nf3 Nc6 3. Bb5 Nf6 4. O-O Nxe4 5. d4 Nd6 6. Bxc6 dxc6 7. dxe5 Nf5 8. Qxd8+ Kxd8 9. Nc3 Ke8 10. h3 Ne7 11. Rd1 Ng6 12. b3 {[%emt 0:00:40] C67: Ruy Lopez: Berlin Defence: 4 0-0 Nxe4.} Be7 13. Bb2 h5 14. Re1 h4 15. Ne4 Kf8 16. Rad1 Rb8 $146 ({Predecessor:} 16... Rh5 17. Nd6 Nf4 18. Nxc8 Rxc8 19. Re4 Ne6 20. Nd4 Ng5 21. Rg4 c5 22. Ne2 Rd8 23. Rxd8+ Bxd8 {½-½ Efimenko,Z (2652)-Melkumyan,H (2633) TUR-chT2 Konya 2015 (7.3)}) 17. Nf6 Nf4 18. Nd7+ Bxd7 19. Rxd7 Ke8 20. Rdd1 c5 21. Nd2 Kd7 22. Nc4+ Ke6 23. Rd6+ cxd6 24. exd6+ Kd5 25. Re5+ Kc6 26. Rxe7 f6 27. Rxg7 Rhg8 28. Rc7+ Kd5 29. Kf1 b5 30. Ne3+ Kxd6 31. Rh7 Rbf8 32. Rxh4 Nd5 33. Nxd5 Kxd5 34. c4+ bxc4 35. Rxc4 f5 36. h4 Rg4 37. h5 f4 38. h6 Rh4 39. g3 Rh2 (39... fxg3 40. Rxh4 gxf2 41. h7 $18) (39... Rxh6 $2 40. Bg7 Rh1+ 41. Kg2 $18) (39... Rh1+ $1 $14 40. Kg2 fxg3 (40... Rxh6 $2 41. Bg7 $18) 41. fxg3 (41. Kxh1 gxf2 42. Rc1 f1=R+ 43. Rxf1 Rxf1+ 44. Kg2 $16)) 40. Bg7 $16 (40. Rxf4 $2 Rxf4 41. gxf4 Rxh6 $19) 40... Rf7 41. gxf4 (41. Rxf4 $6 Rxf4 42. gxf4 Ke4 $14) 41... Rf5 (41... Rb7 $16 {keeps fighting.} 42. f5 Rh5) 42. Ke2 $18 a6 43. Ra4 Rh3 44. f3 $1 (44. Rxa6 Rxf4 45. Ra4 Rf5 $11) 44... Rh1 45. Ke3 (45. Rxa6 $6 Rxf4 46. Ke3 Rf7 $16) 45... Re1+ 46. Kf2 Rh1 47. Re4 ({Don't do} 47. Rxa6 Rxf4 48. Rg6 Rfh4 49. Rg5+ Ke6 50. Rxc5 R4h2+ 51. Ke3 Rxa2 $16) 47... Kd6 48. Ke3 Re1+ {[%emt 0:00:42] [#]} 49. Kd2 $1 ({Don't play} 49. Kd3 Rd5+ 50. Kc2 Rh1 $16) 49... Rh1 50. Ra4 Kd5 51. Rxa6 (51. Ke2 $18) 51... Rxf4 $14 52. Ke3 Rf7 53. Rg6 ({White should play} 53. Ra4 $1 $14) 53... Rh3 $1 $11 54. Bf6 Ke6 $1 55. Bh4+ Kf5 56. Rg5+ Kf6 57. Rg4+ (57. Rxc5+ $2 {loses.} Rxh4 58. Rc8 Re7+ (58... Rxh6 $2 59. Rc6+ Kg7 60. Rxh6 $19) 59. Kd3 Rxh6 60. Rf8+ Ke6 $19) 57... Ke6 58. Rg6+ Kf5 59. Rg7 Ke6 60. Rxf7 Kxf7 61. Bg5 Rh2 62. h7 Rxh7 63. Kd3 Rh3 64. Be3 Rxf3 65. Ke4 Rh3 66. Bxc5 Ke6 67. Kd4 Rh4+ 68. Kc3 Kd5 69. Ba7 Kc6 70. a4 Rxa4 $2 (70... Kd5 $11 {and Black is okay.}) 71. bxa4 $18 Kb7 {[%emt 0:00:04] [#]} 72. a5 $2 ({White should try} 72. Bc5 $1 $18) 72... Kxa7 $11 73. a6 Kxa6 1/2-1/2

[Event "GCT 11th Sinquefield Cup 2024"]
[Site "Saint Louis"]
[Date "2024.08.23"]
[Round "5.1"]
[White "Caruana, Fabiano"]
[Black "Vachier-Lagrave, Maxime"]
[Result "1/2-1/2"]
[ECO "B90"]
[WhiteElo "2793"]
[BlackElo "2721"]
[Annotator "TA"]
[PlyCount "90"]
[EventDate "2024.08.09"]
[EventType "tourn"]
[EventCountry "USA"]
[SourceTitle "playchess.com"]
[Source "ChessBase"]
[SourceQuality "1"]
[TimeControl "7200+30"]

1. e4 c5 2. Nf3 d6 3. d4 cxd4 4. Nxd4 Nf6 5. Nc3 a6 6. Nb3 g6 {[%emt 0:07:00] B90: Sicilian Najdorf: Unusual White 6th moves, 6 Be3 Ng4 and 6 Be3 e5.} 7. Be3 Bg7 8. f3 h5 9. Be2 $146 ({Predecessor:} 9. Qd2 Nbd7 10. Be2 b5 11. O-O-O Bb7 12. Kb1 Rc8 13. Rhg1 Ne5 14. Qe1 Qc7 15. Bd4 {½-½ Ganerdene,S (2419)-Sasikiran,K (2647) Asia Nations online Cup final rapid 2020 (2.3)}) 9... Nbd7 10. O-O b6 11. Qe1 Bb7 12. a4 Rc8 13. Qf2 O-O 14. Rfd1 Qc7 15. Nd2 Nc5 16. Nc4 Nfd7 17. Bf1 Ne5 18. Nxe5 Bxe5 19. Bd4 Nd7 20. Ra3 Rfd8 21. Bxe5 dxe5 22. Raa1 e6 23. Rd2 Nb8 24. Rad1 Nc6 25. Nb1 Rxd2 26. Rxd2 Nd4 27. Na3 Bc6 $1 28. Bxa6 Ra8 29. Bf1 Bxa4 30. h4 b5 31. c3 Nb3 32. Rd1 b4 33. cxb4 Nd4 34. Rd3 Qe7 35. Nc4 Bb5 36. Ra3 Rxa3 37. bxa3 Bxc4 38. Bxc4 Qa7 39. Bf1 Qxa3 40. Qd2 Kh7 ({Don't go for} 40... Qxf3 $2 41. Qxd4 Qg4 (41... Qxf1+ $2 42. Kxf1 exd4 43. b5 $18) 42. Qf2 (42. Qxe5 Qxh4 43. b5 Qe1 $18) 42... Qxe4 43. b5 $18) 41. Kf2 Qa7 42. Kg3 Qa1 43. Kf2 Qa7 44. Kg3 Qa1 45. Kf2 Qa7 1/2-1/2

[Event "GCT 11th Sinquefield Cup 2024"]
[Site "Saint Louis"]
[Date "2024.08.23"]
[Round "5.2"]
[White "Firouzja, Alireza"]
[Black "Giri, Anish"]
[Result "1-0"]
[ECO "C54"]
[WhiteElo "2751"]
[BlackElo "2746"]
[Annotator "TA"]
[PlyCount "115"]
[EventDate "2024.08.09"]
[EventType "tourn"]
[EventCountry "USA"]
[SourceTitle "playchess.com"]
[Source "ChessBase"]
[SourceQuality "1"]
[TimeControl "7200+30"]

1. e4 e5 2. Nf3 Nc6 3. Bc4 Nf6 4. d3 Bc5 5. O-O d6 6. c3 a5 {[%emt 0:00:09] C54: Giuoco Piano: 4 c3 Nf6, main lines with 5 d4 and 5 d3.} 7. h3 (7. Re1 O-O 8. Bg5 h6 9. Bh4 g5 10. Bg3 Ba7 11. Na3 g4 12. Bh4 Kg7 13. h3 gxf3 14. Qxf3 Be6 15. Bd5 Qe7 16. d4 Bd7 17. Nc2 Nxd5 18. Qg3+ {1-0 Firouzja,A (2744)-Giri,A (2745) Zagreb Superbet Rapid 2024 (4)}) 7... O-O 8. Bb3 h6 9. Re1 Re8 10. Nbd2 Be6 11. Ba4 Qb8 12. Bxc6 $1 $146 {[%emt 0:02:31][%mdl 8] A top novelty.} ({Predecessor:} 12. Nf1 b5 13. Bc2 Qb6 14. Qe2 Rad8 15. Ng3 d5 16. Nh4 d4 17. Qf3 dxc3 18. bxc3 {½-½ Wang,H (2730)-Cheparinov,I (2709) Wch Rapid St Petersburg 2018 (15)}) 12... bxc6 13. Nf1 Bb6 14. Ng3 a4 15. d4 Qa7 16. Be3 Qa5 17. Qc1 Kh7 18. Nh4 Ng8 19. Nhf5 c5 20. dxe5 Bxf5 21. Nxf5 dxe5 22. c4 Rad8 23. Rd1 Qa8 24. Rd5 c6 25. Rxd8 Rxd8 26. Qc2 Qa6 27. Rc1 Rd7 28. a3 Nf6 29. Qe2 Qc8 (29... Nxe4 $2 30. Bxh6 Nd6 31. Qxe5 $18 (31. Nxg7 Kxh6 32. Qxe5 Bd8 $18)) 30. Qc2 Qa6 $1 31. Qc3 Qa5 {[%emt 0:01:50] [#]} 32. b4 $1 (32. Qxe5 $6 Bc7 33. Qxc5 Qxc5 34. Bxc5 Nxe4 $11) 32... axb3 33. Qxb3 Bc7 (33... Nxe4 $2 34. Qb1 (34. Qc2 Nf6 $16) 34... Nf6 35. Ne7+ (35. Nxh6+ Kh8 $16) 35... e4 36. Nxc6 $18) 34. g3 Qa6 (34... Nxe4 $2 35. Qc2 Nf6 36. Nxh6+ g6 37. a4 $16) 35. Kg2 Rd8 36. Ra1 Qc8 (36... Nxe4 $2 37. Qc2 Nf6 (37... Ng5 $2 38. Nxh6+ e4 39. Bxg5 $18) 38. Nxh6+ e4 39. Nxf7 $18) 37. Qc2 (37. Bxc5 $2 Nxe4 38. Ne7 Qe6 $19 (38... Nxc5 $2 39. Qb1+ g6 40. Nxc8 $18)) 37... Qd7 38. Rb1 Ba5 39. Bxc5 Qd3 40. Qxd3 Rxd3 41. Rb7 (41. f3 $16) 41... Nxe4 $14 42. Be3 Kg6 (42... Bd2 $14) 43. Ne7+ $18 Kf6 44. Nxc6 Bd2 $2 (44... Nd6 {was worth a try.} 45. Nxa5 Nxb7 46. Nxb7 Rxa3) 45. Rxf7+ $18 Ke6 ({Don't play} 45... Kxf7 46. Nxe5+ Ke7 47. Nxd3 $18) 46. Re7+ Kd6 (46... Kf6 $142 47. Rxe5 Bxe3) 47. Rd7+ $18 ({But not} 47. Nxe5 Rxa3 48. Bxd2 (48. Rxg7 Bxe3 49. fxe3 Ra2+ 50. Kf3 Ng5+ 51. Rxg5 hxg5 $18) 48... Nxd2 $18) (47. Rxe5 Nf6 $18) 47... Kxd7 48. Nxe5+ Kd6 49. Nxd3 Bxe3 50. fxe3 Nd2 51. c5+ Kd5 52. a4 Nc4 53. Kf3 g5 54. e4+ Kd4 55. e5 Kxd3 56. e6 Ne5+ 57. Kg2 Nc6 {[%emt 0:00:08] [#]} 58. a5 $1 1-0

[Event "GCT 11th Sinquefield Cup 2024"]
[Site "Saint Louis"]
[Date "2024.08.23"]
[Round "5.3"]
[White "Abdusattorov, Nodirbek"]
[Black "Gukesh D"]
[Result "1/2-1/2"]
[ECO "C84"]
[WhiteElo "2762"]
[BlackElo "2766"]
[Annotator "TA"]
[PlyCount "92"]
[EventDate "2024.08.09"]
[EventType "tourn"]
[EventCountry "USA"]
[SourceTitle "playchess.com"]
[Source "ChessBase"]
[SourceQuality "1"]
[TimeControl "7200+30"]

1. e4 e5 2. Nf3 Nc6 3. Bb5 a6 4. Ba4 Nf6 5. d3 b5 6. Bb3 Be7 7. a4 Rb8 8. axb5 axb5 9. Nc3 O-O 10. O-O d6 11. h3 h6 12. Nd5 Nxd5 13. exd5 Nd4 14. Nxd4 exd4 15. Re1 Bf6 16. Qf3 Kh7 17. Bd2 Bd7 18. Re4 Ra8 19. Rae1 Re8 20. g3 Qc8 21. h4 Re5 22. Rxe5 (22. Rxd4 $2 {loses.} Rxe1+ 23. Bxe1 Bxd4 $19) 22... dxe5 23. Qh5 Kg8 {[%emt 0:12:47] [#] Hoping for ...Bg4.} 24. d6 $1 Be6 25. Bxe6 Qxe6 26. dxc7 Ra7 27. c3 (27. f4 Rxc7 28. fxe5 Be7 $11) 27... dxc3 28. Bxc3 {[%emt 0:00:15][%cal Re1e5] [#] Rxe5 would now be deadly.} Rxc7 29. Bxe5 Rc5 30. d4 Rd5 31. Re3 Qd7 32. Qf3 Bxe5 33. dxe5 $14 {[%emt 0:00:07][%mdl 4096] Endgame. KQR-KQR} ({Much weaker is} 33. Rxe5 Rxd4 34. h5 Kh7 $11) 33... Qe6 $1 34. Qe2 Rc5 35. Re4 (35. Kg2 $14) 35... Rc1+ $11 {[%emt 0:06:51] The position is equal.} 36. Kh2 Qc6 37. Qd3 h5 38. b4 Ra1 39. Qe3 Rb1 40. Qe2 Rc1 41. Qd3 Ra1 42. Qe3 Rb1 43. Qe2 Rc1 44. Qd3 Ra1 45. Kh3 Rc1 46. Kh2 Ra1 {[%emt 0:00:20] Weighted Error Value: White=0.03 (flawless) /Black=0.02 (flawless) .  Mistake:       	White=1     	---        Inaccurate:     	---       	Black=1      OK:         	White=15    	Black=23     Best:        	---       	Black=1      Strong:       	---       	Black=1      Brilliant:      	White=1     	---} 1/2-1/2